Map: Daybreak LE (Void)

Players

Fropez

  • Race: Protoss Protoss
  • League: Gold
  • Spawn Location: 1:00

Deathstalker - Winner!

  • Race: Terran Terran
  • League: Gold
  • Spawn Location: 7:00

VOD

Have the link to the VOD?

Description

Time

  • Played on: Dec. 11, 2016, 2:18 p.m.
  • Length: 14:50
Show
View Real Time Build Order
Export as new Build Order

Fropez Protoss 

Build Orders:  

Get SALT Encoding   

  12  0:02  Probe (Chrono Boost)  
  13  0:15  Pylon  
  13  0:18  Probe (Chrono Boost)  
  14  0:28  Probe (Chrono Boost)  
  15  0:35  Gateway  
  15  0:39  Probe (Chrono Boost)  
  16  0:47  Assimilator  
  17  0:50  Probe (Chrono Boost)  
  17  1:00  Probe (Chrono Boost)  
  18  1:09  Gateway  
  18  1:11  Probe (Chrono Boost)  
  19  1:24  Pylon, Probe (Chrono Boost)  
  20  1:32  Cybernetics Core  
  20  1:44  Probe (Chrono Boost)  
  21  1:48  Assimilator  
  21  1:54  Probe (Chrono Boost)  
  21  1:57  Pylon  
  22  2:07  Pylon  
  22  2:15  Mothership Core (Chrono Boost)  
  24  2:16  Adept x2  
  28  2:24  Warp Gate (Chrono Boost)  
  27  2:33  Probe (Chrono Boost)  
  28  2:43  Probe (Chrono Boost)  
  29  2:54  Probe (Chrono Boost)  
  30  3:04  Nexus  
  30  3:14  Probe (Chrono Boost)  
  31  3:22  Pylon  
  31  3:40  Stalker x2  
  35  3:47  Pylon  
  35  3:50  Pylon  
  35  3:57  Probe  
  36  4:13  Probe  
  36  4:15  Probe  
  36  4:24  Pylon  
  36  4:25  Probe  
  36  4:26  Probe  
  36  4:30  Assimilator  
  38  4:35  Pylon  
  38  4:36  Probe  
  38  4:37  Probe  
  40  4:45  Stalker  
  40  4:46  Stalker  
  40  4:47  Probe  
  40  4:49  Probe  
  44  4:57  Probe  
  45  5:03  Probe  
  46  5:08  Probe  
  46  5:10  Assimilator  
  46  5:12  Stalker  
  49  5:14  Stalker  
  49  5:17  Pylon  
  43  5:36  Pylon  
  43  5:42  Pylon  
  43  5:45  Stalker x2  
  37  6:08  Mothership Core  
  35  6:11  Stalker x2  
  33  6:29  Probe  
  33  6:31  Robotics Facility  
  32  6:40  Stalker x2  
  36  6:47  Pylon  
  36  6:53  Pylon  
  35  7:13  Nexus  
  35  7:29  Immortal (Chrono Boost)  
  39  7:35  Probe  
  40  7:47  Probe  
  40  7:51  Stalker  
  43  7:55  Stalker  
  45  8:04  Pylon  
  45  8:05  Probe  
  46  8:17  Sentry  
  48  8:20  Sentry  
  48  8:24  Probe  
  48  8:25  Probe  
  52  8:40  Gateway  
  52  8:42  Probe  
  52  8:43  Probe  
  52  8:46  Sentry x2  
  33  9:23  Mothership Core  
  32  9:25  Immortal (Chrono Boost)  
  32  9:26  Adept x2  
  36  9:35  Adept  
  36  10:00  Adept x3  
  36  10:04  Probe  
  43  10:16  Probe  
  42  10:31  Sentry x2  
  42  10:32  Sentry  
  48  11:03  Sentry x2  
  48  11:04  Sentry  
  50  11:30  Sentry x3  
  54  12:15  Nexus  
  52  12:18  Pylon  
  52  12:19  Sentry x3  
  58  12:32  Probe  
  59  12:41  Assimilator  
  59  12:45  Probe  
  59  12:47  Immortal (Chrono Boost)  
  64  12:59  Adept x2  
  64  13:02  Adept  
  70  13:23  Twilight Council  
  70  13:43  Immortal (Chrono Boost)  
  74  13:57  Sentry x3  
  80  14:04  Probe  
  80  14:06  Probe  
Show
View Real Time Build Order
Export as new Build Order

Deathstalker Terran - Winner!

Build Orders:  

Get SALT Encoding   

  12  0:00  SCV  
  13  0:13  SCV  
  14  0:18  Supply Depot  
  14  0:25  SCV  
  15  0:36  Refinery  
  15  0:40  SCV  
  16  0:56  SCV  
  17  1:01  Refinery  
  17  1:08  SCV  
  18  1:13  Barracks  
  18  1:14  Barracks  
  18  1:23  SCV  
  19  1:40  SCV  
  20  2:02  Orbital Command  
  20  2:10  Marine  
  21  2:32  SCV  
  22  2:40  Barracks Reactor  
  22  2:46  Factory  
  22  2:48  Factory  
  22  2:49  SCV  
  23  3:01  Supply Depot  
  23  3:05  Supply Depot  
  23  3:10  Engineering Bay  
  23  3:23  SCV  
  24  3:32  Cyclone x2  
  29  3:36  SCV  
  30  3:44  Marine x2  
  30  3:45  Bunker  
  32  3:59  SCV  
  33  4:04  Cyclone  
  36  4:11  Cyclone  
  39  4:21  Supply Depot  
  39  4:24  Supply Depot  
  39  4:48  Cyclone x2  
  45  4:53  Barracks Reactor  
  45  5:07  Command Center  
  45  5:20  Cyclone  
  48  5:41  Marine x2  
  50  5:43  Cyclone  
  53  5:58  Cyclone  
  47  6:15  Cyclone  
  50  6:30  Cyclone  
  47  6:42  Marine x2  
  46  6:51  Factory Reactor  
  46  7:05  Orbital Command  
  46  7:06  SCV  
  47  7:26  Factory Tech Lab  
  47  7:29  Cyclone x2  
  53  7:34  Command Center  
  53  7:38  Starport, Terran Infantry Weapons Level 1, SCV  
  53  7:43  Armory  
  54  7:48  SCV, Refinery  
  54  7:49  Refinery  
  55  8:11  Siege Tank  
  58  8:13  Cyclone  
  58  8:14  Marine x2  
  63  8:26  SCV x2  
  65  8:30  Terran Vehicle Weapons Level 1  
  65  8:38  SCV x2  
  67  8:45  Marine  
  46  9:22  Cyclone  
  46  9:23  Thor, Cyclone  
  55  9:43  Marine  
  55  9:44  Marine  
  57  9:47  Orbital Command  
  56  10:04  Cyclone  
  56  10:05  Thor  
  65  10:11  Command Center  
  57  10:28  SCV x3  
  60  10:40  SCV  
  60  10:41  SCV x2  
  63  10:44  Refinery  
  63  10:49  Refinery  
  54  11:16  Marine x2  
  54  11:17  Thor  
  57  11:20  Cyclone x2  
  54  11:27  Refinery  
  54  11:32  Medivac  
  56  11:34  Marine  
  47  11:52  Orbital Command  
  45  12:05  Siege Tank  
  45  12:06  Cyclone x2  
  45  12:07  SCV  
  54  12:26  Medivac  
  54  12:27  Marine x2, Orbital Command  
  58  12:43  Bunker  
  58  12:46  Thor  
  58  12:47  Cyclone x2  
  58  12:48  Bunker  
  70  12:56  SCV x3  
  70  12:57  Orbital Command  
  73  13:08  SCV  
  74  13:15  Marine  
  74  13:17  Marine  
  74  13:19  Cyclone x2  
  82  13:29  Siege Tank  
  82  13:33  Marine  
  86  13:34  Marine  
  86  13:39  Armory  
  87  13:51  Cyclone x2  
  87  13:54  SCV x2  
  87  13:55  SCV x2  
  97  14:06  SCV  
  98  14:21  Marine  
  99  14:26  Supply Depot x2  
  99  14:27  Supply Depot  
  99  14:29  Supply Depot  
  99  14:32  Supply Depot  
  99  14:34  Supply Depot  
  99  14:37  Refinery  
Tags
 
League
GoldGold
Matchup
PvT
Replay Pack
All Mines
Spawn Locations
Cross Positions
Add a new tag
Caveats
  • Supply blocks, unpowered buildings, or Contaminate may cause inaccurate times.
  • Supply counts are checked every 10 seconds.